 Dungeon Crawl Stone Soup version 0.30-a0-723-gc1506a1cf0 (webtiles) character file.

Game seed: 1514682027207919319

138135 Leeroy the Thaumaturge (level 17, -4/133 HPs)
             Began as a Gnoll Warper on Jan 28, 2023.
             Was the Champion of the Shining One.
             Slain by a fire crab (10 damage)
             ... on level 4 of the Swamp.
             The game lasted 01:15:02 (30147 turns).

Leeroy the Thaumaturge (Gnoll Warper)              Turns: 30147, Time: 01:15:02

Health: -4/133     AC: 12    Str: 11    XL:     17   Next: 25%
Magic:  15/33      EV: 23    Int: 13    God:    the Shining One [******]
Gold:   1353       SH: 10    Dex: 25    Spells: 5/40 levels left

rFire   . . .      SeeInvis +    Q - +5 falchion "Boed" {flame, Drain Dex+6}
rCold   + + +      Faith    .    a - +2 buckler
rNeg    + + +      Spirit   .    Z - +4 skin of Zhor {*Englaciate rC+++ SInv}
rPois   .          Reflect  .    q - +0 helmet
rElec   .          Harm     .    D - +0 cloak
rCorr   .          Rampage  .    (no gloves)
Will    +....                    x - +1 pair of boots
Stlth   ++                       I - amulet of magic regeneration
HPRegen 0.42/turn                m - +4 ring of slaying
MPRegen 0.63/turn                W - +4 ring of slaying

@: on blink cooldown, glowing, studying Ice Magic
A: fangs 1, strong nose, distributed training
a: Renounce Religion, Divine Shield, Cleansing Flame, Summon Divine Warrior,
Brand Weapon With Holy Wrath


You were on level 4 of the Swamp.
You worshipped the Shining One.
The Shining One was exalted by your worship.
You visited 4 branches of the dungeon, and saw 23 of its levels.
You also visited: Ice Cave.

You collected 1491 gold pieces.
You spent 138 gold pieces at shops.

Inventory:

Hand Weapons
 v - the +6 shillelagh "Devastator" {shatter}
   (You found it on level 4 of the Dungeon)
 z - the +5 long sword of the Real Monster {speed, rCorr Int+2}
   (You found it on level 4 of the Dungeon)

   Int:       It affects your intelligence (+2).
   rCorr:     It protects you from acid and corrosion.
 Q - the +5 falchion "Boed" (weapon) {flame, Drain Dex+6}
   (You found it on level 7 of the Dungeon)

   Dex:       It affects your dexterity (+6).
   Drain:     It drains your maximum health when unequipped.
Missiles
 d - 6 boomerangs of dispersal
 k - 4 throwing nets
 E - 27 poisoned darts
 H - 6 atropa-tipped darts
Armour
 a - a +2 buckler (worn)
 c - +0 swamp dragon scales
 i - the +2 chain mail of Bursted Miracles {rElec rN+}
   (You found it on level 5 of the Lair of Beasts)

   rElec:     It insulates you from electricity.
   rN:        It protects you from negative energy.
 q - a +0 helmet (worn)
 x - a +1 pair of boots (worn)
 D - a +0 cloak (worn)
 Z - the +4 skin of Zhor (worn) {*Englaciate rC+++ SInv}
   (You took it off a necromancer in an ice cave)

   *Englaciate: It radiates cold, occasionally slowing all nearby creatures who
   are not resistant to cold.
   rC:        It renders you almost immune to cold.
   SInv:      It lets you see invisible.
Jewellery
 f - a ring of flight
 m - a +4 ring of slaying (left hand)
 s - a +4 ring of protection
 A - a +6 ring of intelligence
 I - an amulet of magic regeneration (around neck)
 L - a ring of ice
 N - a ring of fire
 W - a +4 ring of slaying (right hand)
Wands
 h - a wand of roots (3) (quivered)
 B - a wand of mindburst (14)
 M - a wand of digging (13)
 O - a wand of paralysis (30)
Scrolls
 n - 4 scrolls of magic mapping
 o - 7 scrolls of teleportation
 t - 2 scrolls of brand weapon
 u - 3 scrolls of vulnerability
 w - 6 scrolls of immolation
 F - 5 scrolls of fog
 K - 3 scrolls of enchant weapon
 R - 2 scrolls of silence
Potions
 e - 5 potions of brilliance
 g - 9 potions of flight
 j - a potion of berserk rage
 p - 3 potions of resistance
 r - 3 potions of ambrosia
 C - 3 potions of curing
 G - 6 potions of magic
 J - 3 potions of invisibility
 P - 4 potions of mutation
 T - 5 potions of cancellation
 U - 3 potions of haste {unknown}
 V - 3 potions of attraction {unknown}
 X - 2 potions of might {unknown}
 Y - 4 potions of lignification {unknown}
Miscellaneous
 b - a tin of tremorstones (1/2)
 S - a phial of floods


   Skills:
 + Level 12.3 Fighting
 + Level 11.4 Short Blades
 + Level 12.3 Long Blades
 + Level 11.4 Axes
 + Level 11.4 Maces & Flails
 + Level 11.4 Polearms
 + Level 11.4 Staves
 + Level 11.4 Ranged Weapons
 + Level 11.7 Throwing
 + Level 11.7 Armour
 + Level 12.3 Dodging
 + Level 11.4 Stealth
 + Level 11.4 Shields
 + Level 11.4 Unarmed Combat
 + Level 12.4 Spellcasting
 + Level 9.6 Conjurations
 + Level 9.6 Hexes
 + Level 9.6 Summonings
 + Level 9.6 Necromancy
 + Level 11.1 Translocations
 + Level 9.6 Transmutations
 + Level 9.6 Fire Magic
 + Level 11.4 Ice Magic
 + Level 9.6 Air Magic
 + Level 9.6 Earth Magic
 + Level 9.6 Poison Magic
 + Level 12.4 Invocations
 + Level 11.4 Evocations


You had 5 spell levels left.
You knew the following spells:

 Your Spells              Type           Power      Damage    Failure   Level
a - Blink                 Tloc           74%        N/A       1%          2
b - Vhi's Electric Charg  Tloc/Air       70%        N/A       1%          3
c - Manifold Assault      Tloc           37%        N/A       1%          4
d - Teleport Other        Tloc           37%        N/A       1%          3
e - Stone Arrow           Conj/Erth      66%        3d11      1%          3
f - Freezing Cloud        Conj/Ice/Air   17%        6-21      4%          5
g - Kindle Blastsparks    Fire/Tloc/Air  68%        2d15      1%          3
h - Summon Lightning Spi  Summ/Air       33%        N/A       1%          4
i - Swiftness             Air            33%        N/A       1%          3
j - Lightning Bolt        Conj/Air       16%        1d30      5%          5

Your spell library contained the following spells:

 Spells                   Type           Power      Damage    Failure   Level
 Kiss of Death            Conj/Necr      100%       2d13      1%          1
 Sandblast                Erth           66%        2d15      1%          1
 Sting                    Tmut/Pois      100%       1d8       1%          1
 Summon Small Mammal      Summ           100%       N/A       1%          1
 Ensorcelled Hibernation  Hex/Ice        70%        N/A       1%          2
 Lesser Beckoning         Tloc           74%        N/A       1%          2
 Passwall                 Tmut/Erth      27%        N/A       1%          2
 Poisonous Vapours        Pois/Air       66%        N/A       1%          2
 Static Discharge         Conj/Air       66%        2-5/arc   1%          2
 Sublimation of Blood     Necr           33%        N/A       1%          2
 Call Canine Familiar     Summ           33%        N/A       1%          3
 Confusing Touch          Hex            33%        N/A       1%          3
 Gell's Gravitas          Tloc           37%        N/A       1%          3
 Ignite Poison            Fire/Tmut/Pois 33%        N/A       1%          3
 Spider Form              Tmut/Pois      33%        N/A       1%          3
 Summon Guardian Golem    Hex/Summ       33%        N/A       1%          3
 Airstrike                Air            16%        2d(3-19)  1%          4
 Anguish                  Hex/Necr       16%        N/A       1%          4
 Animate Dead             Necr           33%        N/A       1%          4
 Dispel Undead            Necr           33%        3d14      1%          4
 Ice Form                 Ice/Tmut       35%        N/A       1%          4
 Olgreb's Toxic Radiance  Pois           33%        N/A       1%          4
 Metabolic Englaciation   Hex/Ice        17%        N/A       3%          5
 Agony                    Necr           33%        N/A       5%          5
 Arcjolt                  Conj/Air       16%        1d26      5%          5
 Dispersal                Tloc           18%        N/A       17%         6
 Ozocubu's Refrigeration  Ice            18%        4d11      61%         7
 Haunt                    Necr/Summ      16%        N/A       86%         7
 Ignition                 Fire           16%        3d7       100%        8
 Infestation              Necr           16%        N/A       100%        8


Dungeon Overview and Level Annotations

Branches:
Dungeon (13/15)            Temple (1/1) D:5            Lair (5/5) D:9
  Swamp (4/4) Lair:2       Spider (0/4) Lair:2        Slime (0/5) Lair:4
    Orc (0/2) D:10          IceCv (visited)
 Vaults: D:13-14

Altars:
Ashenzari
Cheibriados
Dithmenos
Elyvilon
Fedhas
Gozag
Hepliaklqana
Kikubaaqudgha
Makhleb
Nemelex Xobeh
Okawaru
Qazlal
Ru
Sif Muna
Trog
Uskayaw
Vehumet
Wu Jian
Xom
Yredelemnul
Zin
The Shining One

Shops:
D:4 *

Annotations:
D:11 3 runed translucent doors, Armakuni's ghost, journeyman DrMo
D:13 Urug
Lair:1 2 runed translucent doors, XanderDroid's ghost, journeyman TrFi
Lair:4 1 runed translucent door
Swamp:3 Roxanne
Swamp:4 3 runed translucent doors, pleonasm's ghost, adept OgBe


Innate Abilities, Weirdness & Mutations

You have very sharp teeth.
Your uncanny sense of smell can sniff out nearby items.
Your experience applies equally to all skills.


Message History

You are momentarily dazzled by a brilliant light.
You are engulfed in freezing vapours.
You resist.
* * * LOW HITPOINT WARNING * * *
The fire crab is engulfed in freezing vapours.
The tyrant leech is engulfed in freezing vapours.
The fire dragon is engulfed in freezing vapours.
The fire dragon barely misses you. You block the fire dragon's attack.
The fire dragon tramples you!
* * * LOW HITPOINT WARNING * * *
You stumble backwards!
Splash!
Unknown command.
Casting: Freezing Cloud (dangerous; 4% risk of failure)
Confirm with . or Enter, or press ? or * to list all spells.
You blink.
You are engulfed in freezing vapours.
You resist.
* * * LOW HITPOINT WARNING * * *
The tyrant leech is no longer moving slowly.
Your angel is engulfed in freezing vapours.
Your angel hits the fire dragon with a +2 sacred scourge of holy wrath!
The fire dragon dies!
The tyrant leech is engulfed in freezing vapours.
The fire dragon is engulfed in freezing vapours.
Okay, then.
As you read the scroll of fear, it crumbles to dust.
You assume a fearsome visage.
The fire crab easily resists.
The fire dragon looks frightened!
The tyrant leech looks frightened!
The fire dragon is no longer moving slowly.
Your angel is engulfed in freezing vapours.
Your angel hits the tyrant leech with a +2 sacred scourge of holy wrath!
Your angel's attack snaps the tyrant leech out of its fear.
Your angel hits the tyrant leech with a +2 sacred scourge of holy wrath!
The fire crab is engulfed in freezing vapours.
The fire crab bites you.
* * * LOW HITPOINT WARNING * * *
You are engulfed in flames!
* * * LOW HITPOINT WARNING * * *
The fire crab claws you.
* * * LOW HITPOINT WARNING * * *
You are engulfed in flames!
You die...

♣~..~~~§~.♣♣.~
#♣.♣~~~~~.♣♣.~ #♣
♣~~♣~~~~[...~. ~♣♣♣.♣
#♣~§~§..~~.♣♣♣♣
~.~.~.# #♣..§.....)♣♣
♣
~...~.~♣##♣~.~~[~..~~♣
...~~.°~§°~§.~...§^.~♣
~.....§.t~~~~♣♣.....♣♣
~.~~.~§☼D@..♣♣♣♣♣~.~♣
..~~.°.w°~.~~♣♣♣♣♣♣♣♣
..~..○§§A°~.~~~♣
......§§○~.♣..~.♣ ♣
♣♣....☼§♣.♣♣.^~♣♣
♣....~♣♣♣♣ ..♣♣ ♣♣~~.♣
~♣♣ ♣♣.. ♣♣ ♣♣.


You could see a fire dragon (fleeing), a tyrant leech (distracted, ally target),
a fire crab and a friendly angel (summoned).

Vanquished Creatures
  2 thorn hunters
  Kirke (Swamp:3)
  6 eleionomae
  4 bunyips
  The ghost of sanka the Fighter, a journeyman OgTm of Ru (Lair:2)
  A fire dragon (Swamp:4)
  18 hydras
  A centaur warrior (D:13)
  A ghost crab (Swamp:1)
  A merfolk avatar (Lair:5)
  A two-headed ogre (D:10)
  6 alligators
  5 death yaks (Lair:1)
  A fire crab (Lair:3)
  2 spriggan druids (Swamp:4)
  5 sea snakes (Lair:5)
  5 goliath frogs
  7 swamp dragons
  3 bog bodies
  A wizard (D:11)
  Pikel (D:7)
  A necromancer (IceCv)
  2 lindwurms
  2 ugly things
  A cyclops (D:12)
  7 will-o-the-wisps
  4 manticores
  6 elephants (Lair:5)
  3 black mambas (Lair:1)
  An ice statue (IceCv)
  A torpor snail (Lair:1)
  A gargoyle (D:12)
  20 cane toads
  4 rime drakes
  11 komodo dragons
  2 freezing wraiths (IceCv)
  8 ice devils (IceCv)
  3 anaconda simulacra (IceCv)
  3 meliai (D:13)
  5 trolls
  2 bloated husks
  2 hornets
  3 tyrant leeches
  A wind drake (Lair:5)
  19 blink frogs
  Grinder (D:4)
  A snapping turtle (Lair:5)
  5 dream sheep (Lair:5)
  2 shadows
  43 yaks
  6 wyverns
  3 slime creatures (D:12)
  A basilisk (D:11)
  5 wraiths
  4 spriggans (Swamp:4)
  5 hogs (Swamp:3)
  5 steam dragons
  3 death yak simulacra (IceCv)
  9 vampire mosquitoes
  2 redbacks (Lair:2)
  18 swamp worms
  An acid dragon (D:12)
  2 harpy simulacra (IceCv)
  A hydra simulacrum (IceCv)
  14 water moccasins
  4 swamp drakes (Swamp:4)
  An ice beast (D:5)
  5 orc warriors
  2 sky beasts
  3 black bears
  4 ogres
  4 centaurs
  20 wolves
  A phantom (D:7)
  A kobold brigand (D:10)
  14 bullfrogs
  3 scorpions
  A necrophage (D:4)
  A gnoll sergeant (D:9)
  3 cane toad simulacra (IceCv)
  2 wights (D:7)
  4 elephant simulacra (IceCv)
  5 killer bees (D:9)
  A nameless horror (IceCv)
  A vampire bat (D:9)
  5 howler monkeys
  6 hounds
  6 orc priests
  3 jellies
  6 iguanas
  11 orc wizards
  A spriggan simulacrum (IceCv)
  2 wolf simulacra (IceCv)
  4 polar bear simulacra (IceCv)
  8 gnolls
  2 adders
  A shadow imp (D:5)
  14 white imps
  3 ufetubi
  2 worms
  4 dart slugs
  67 orcs
  5 ball pythons
  2 bat skeletons (D:9)
  3 bat zombies (D:9)
  5 endoplasms
  6 giant cockroaches
  6 goblins
  9 hobgoblins
  4 quokkas
  3 bats
  3 frilled lizards
  7 kobolds
  4 rats
  A fire vortex (Swamp:4)
599 creatures vanquished.

Vanquished Creatures (collateral kills)
  A fire dragon (Swamp:4)
  3 alligators
  A goliath frog (Swamp:4)
  A sea snake (Lair:5)
  A swamp dragon (Swamp:4)
  2 ugly things (IceCv)
  A cane toad (Lair:2)
  Maggie (Lair:2)
  3 ice devils (IceCv)
  A polar bear (Lair:5)
  4 blink frogs (Lair:3)
  2 dream sheep (Lair:5)
  A spriggan (Swamp:2)
  4 yaks
  A harpy simulacrum (IceCv)
  A water moccasin (Lair:5)
  A swamp drake (Swamp:4)
  A cane toad simulacrum (IceCv)
  2 two-headed ogre simulacra (IceCv)
  3 elephant simulacra (IceCv)
  2 spriggan simulacra (IceCv)
  A troll simulacrum (IceCv)
38 creatures vanquished.

Vanquished Creatures (others)
  2 swamp dragons (Swamp:4)
  A lindwurm (Swamp:4)
  2 bloated husks (Swamp:2)
  A steam dragon (Swamp:4)
  5 swamp drakes (Swamp:4)
  A bush (Lair:1)
  30 foxfires
  17 fungi
  36 plants
95 creatures vanquished.

Grand Total: 732 creatures vanquished

Notes
Turn   | Place    | Note
-------+----------+-------------------------------------------
     0 | D:1      | Leeroy the Gnoll Warper began the quest for the Orb.
     0 | D:1      | Reached XP level 1. HP: 20/20 MP: 6/6
     6 | D:1      | Noticed a water moccasin
     6 | D:1      | Noticed a polar bear
     6 | D:1      | Noticed a redback
     7 | D:1      | Noticed an iguana
     7 | D:1      | Noticed a wolf
   178 | D:1      | Reached XP level 2. HP: 26/26 MP: 7/7
   350 | D:1      | You fall into a shaft and drop 1 floor!
   510 | D:2      | Reached skill level 5 in Spellcasting
   510 | D:2      | Reached XP level 3. HP: 31/31 MP: 7/9
   706 | D:2      | Reached skill level 1 in Invocations
  1059 | D:2      | Reached skill level 1 in Short Blades
  1059 | D:2      | Reached skill level 1 in Axes
  1059 | D:2      | Reached skill level 1 in Maces & Flails
  1059 | D:2      | Reached skill level 1 in Polearms
  1059 | D:2      | Reached skill level 1 in Staves
  1059 | D:2      | Reached skill level 1 in Ranged Weapons
  1059 | D:2      | Reached skill level 1 in Stealth
  1059 | D:2      | Reached skill level 1 in Shields
  1059 | D:2      | Reached skill level 1 in Unarmed Combat
  1059 | D:2      | Reached skill level 1 in Evocations
  1336 | D:3      | Found a shimmering altar of Xom.
  1349 | D:3      | Found a glowing golden altar of the Shining One.
  1417 | D:3      | Became a worshipper of the Shining One
  1654 | D:3      | Identified the +3 trident of Arbitration {freeze, Str+4}
  1693 | D:3      | Reached XP level 4. HP: 26/38 MP: 11/11
  1813 | D:3      | Reached skill level 1 in Conjurations
  1813 | D:3      | Reached skill level 1 in Hexes
  1813 | D:3      | Reached skill level 1 in Summonings
  1813 | D:3      | Reached skill level 1 in Necromancy
  1813 | D:3      | Reached skill level 1 in Transmutations
  1813 | D:3      | Reached skill level 1 in Fire Magic
  1813 | D:3      | Reached skill level 1 in Ice Magic
  1813 | D:3      | Reached skill level 1 in Air Magic
  1813 | D:3      | Reached skill level 1 in Earth Magic
  1813 | D:3      | Reached skill level 1 in Poison Magic
  2387 | D:4      | Reached XP level 5. HP: 43/43 MP: 12/12
  2440 | D:4      | Found a broken altar of Ashenzari.
  2468 | D:4      | Found the +6 shillelagh "Devastator" {shatter}
  2521 | D:4      | Reached skill level 5 in Fighting
  2521 | D:4      | Reached skill level 5 in Long Blades
  2521 | D:4      | Reached skill level 5 in Dodging
  2521 | D:4      | Reached XP level 6. HP: 31/51 MP: 14/14
  2670 | D:4      | Found Manuza's General Store.
  2679 | D:4      | Bought a +1 pair of boots for 138 gold pieces
  2738 | D:4      | Identified the +5 long sword of the Real Monster {speed,
                  | rCorr Int+2}
  2948 | D:4      | Reached XP level 7. HP: 55/56 MP: 15/15
  2982 | D:4      | Noticed Grinder
  2989 | D:4      | Killed Grinder
  3194 | D:5      | Entered Level 5 of the Dungeon
  3266 | D:5      | Learned a level 2 spell: Blink
  3270 | D:5      | Learned a level 3 spell: Vhi's Electric Charge
  3275 | D:5      | Learned a level 4 spell: Manifold Assault
  3279 | D:5      | Learned a level 3 spell: Teleport Other
  3283 | D:5      | Learned a level 3 spell: Stone Arrow
  3359 | D:5      | Found a staircase to the Ecumenical Temple.
  3373 | D:5      | Reached * piety under the Shining One
  3386 | Temple   | Entered the Ecumenical Temple
  3776 | D:5      | Reached XP level 8. HP: 54/63 MP: 16/16
  4462 | D:1      | Found a faded altar of an unknown god.
  5147 | D:6      | Found a stormy altar of Qazlal.
  5149 | D:6      | Noticed a water elemental
  5149 | D:6      | Noticed an air elemental
  5596 | D:6      | Reached XP level 9. HP: 69/69 MP: 18/18
  5988 | D:7      | Reached skill level 5 in Throwing
  5988 | D:7      | Reached skill level 5 in Armour
  6094 | D:7      | Found a sparkling altar of Nemelex Xobeh.
  6137 | D:7      | Learned a level 5 spell: Freezing Cloud
  6431 | D:7      | Reached ** piety under the Shining One
  6630 | D:7      | Reached skill level 5 in Invocations
  6872 | D:7      | Noticed a white ugly thing
  7000 | D:7      | Found an iron altar of Okawaru.
  7005 | D:7      | Identified the +5 falchion "Boed" {flame, Drain Dex+6}
  7073 | D:7      | Noticed Pikel
  7083 | D:7      | Killed Pikel
  7084 | D:7      | Reached skill level 5 in Short Blades
  7084 | D:7      | Reached skill level 5 in Axes
  7084 | D:7      | Reached skill level 5 in Maces & Flails
  7084 | D:7      | Reached skill level 5 in Polearms
  7084 | D:7      | Reached skill level 5 in Staves
  7084 | D:7      | Reached skill level 5 in Ranged Weapons
  7084 | D:7      | Reached skill level 5 in Stealth
  7084 | D:7      | Reached skill level 5 in Shields
  7084 | D:7      | Reached skill level 5 in Unarmed Combat
  7084 | D:7      | Reached skill level 5 in Evocations
  7084 | D:7      | Reached XP level 10. HP: 75/77 MP: 20/20
  7544 | D:7      | Killed a white ugly thing
  7828 | D:8      | Learned a level 3 spell: Kindle Blastsparks
  8063 | D:8      | Noticed a skeletal warrior
  8681 | D:9      | Found a shimmering blue altar of Sif Muna.
  8720 | D:9      | Found a staircase to the Lair.
  9339 | D:9      | Reached *** piety under the Shining One
  9346 | D:9      | Found an ancient bone altar of Kikubaaqudgha.
  9482 | D:10     | Entered Level 10 of the Dungeon
  9619 | D:10     | Reached skill level 5 in Conjurations
  9619 | D:10     | Reached skill level 5 in Hexes
  9619 | D:10     | Reached skill level 5 in Summonings
  9619 | D:10     | Reached skill level 5 in Necromancy
  9619 | D:10     | Reached skill level 5 in Transmutations
  9619 | D:10     | Reached skill level 5 in Fire Magic
  9619 | D:10     | Reached skill level 5 in Ice Magic
  9619 | D:10     | Reached skill level 5 in Air Magic
  9619 | D:10     | Reached skill level 5 in Earth Magic
  9619 | D:10     | Reached skill level 5 in Poison Magic
  9619 | D:10     | Reached XP level 11. HP: 48/85 MP: 22/22
  9745 | D:10     | Noticed a two-headed ogre
  9785 | D:10     | Killed a two-headed ogre
  9922 | D:10     | Found a radiant altar of Vehumet.
 10288 | D:10     | Found a staircase to the Orcish Mines.
 10964 | D:11     | Found a runed translucent gate.
 10965 | D:11     | Found a runed translucent gate.
 11020 | D:11     | Reached **** piety under the Shining One
 11232 | D:11     | Noticed a wizard
 11238 | D:11     | Killed a wizard
 11371 | D:11     | Found a runed translucent gate.
 11372 | D:11     | Noticed Armakuni's ghost (journeyman DrMo)
 11372 | D:11     | Noticed a deep troll earth mage
 11785 | D:12     | Noticed a manticore
 11912 | D:12     | Killed a manticore
 12136 | D:12     | Noticed a cyclops
 12145 | D:12     | Killed a cyclops
 12225 | D:13     | Noticed a centaur warrior
 12233 | D:13     | Killed a centaur warrior
 12234 | D:13     | Reached XP level 12. HP: 91/94 MP: 18/24
 12264 | D:13     | Noticed Urug
 12326 | D:13     | Noticed a boulder beetle
 12330 | D:13     | Noticed a tengu warrior
 13225 | Lair:1   | Entered Level 1 of the Lair of Beasts
 13283 | Lair:1   | Noticed a death yak
 13285 | Lair:1   | Noticed a death yak
 13285 | Lair:1   | Noticed a death yak
 13286 | Lair:1   | Noticed a death yak
 13287 | Lair:1   | Noticed a death yak
 13332 | Lair:1   | Killed a death yak
 13339 | Lair:1   | Killed a death yak
 13345 | Lair:1   | Killed a death yak
 13355 | Lair:1   | Killed a death yak
 13577 | Lair:1   | Killed a death yak
 14961 | Lair:1   | Found a large runed translucent door.
 14961 | Lair:1   | Found a large runed translucent door.
 14968 | Lair:1   | Noticed XanderDroid's ghost (journeyman TrFi)
 15061 | Lair:1   | Reached XP level 13. HP: 101/101 MP: 20/26
 15696 | Lair:2   | Reached ***** piety under the Shining One
 15704 | Lair:2   | Found a frozen archway.
 15820 | Lair:2   | Found a hole to the Spider Nest.
 15889 | IceCv    | Entered an ice cave
 16155 | IceCv    | Learned a level 4 spell: Summon Lightning Spire
 16763 | IceCv    | Found an ancient bone altar of Kikubaaqudgha.
 16763 | IceCv    | Reached ****** piety under the Shining One
 17638 | IceCv    | Reached skill level 10 in Spellcasting
 17760 | IceCv    | Got the Parchment of Deathly Hail
 18227 | Lair:2   | Found a staircase to the Swamp.
 18428 | Lair:2   | Found a runed translucent door.
 18428 | Lair:2   | Noticed sanka's ghost (journeyman OgTm)
 18486 | Lair:2   | Reached skill level 10 in Fighting
 18486 | Lair:2   | Reached skill level 10 in Long Blades
 18486 | Lair:2   | Reached skill level 10 in Dodging
 18569 | Lair:2   | Noticed Maggie
 18586 | Lair:2   | Killed Maggie
 19676 | Lair:3   | Identified the +0 ring mail of the Griffon {*Corrode rPois
                  | Slay+2 SInv}
 19764 | Lair:3   | Reached XP level 14. HP: 74/110 MP: 25/28
 19775 | Lair:3   | Reached skill level 10 in Invocations
 21320 | Lair:4   | Identified the +4 rapier of Qoyru {freeze, rN+}
 21385 | Lair:4   | Learned a level 3 spell: Swiftness
 21432 | Lair:4   | Found a runed translucent door.
 21435 | Lair:4   | Found a staircase to the Slime Pits.
 21466 | Lair:5   | Entered Level 5 of the Lair of Beasts
 21482 | Lair:5   | Reached skill level 10 in Throwing
 21482 | Lair:5   | Reached skill level 10 in Armour
 21625 | Lair:5   | Identified the +2 chain mail of Bursted Miracles {rElec
                  | rN+}
 22169 | Lair:5   | Reached skill level 10 in Translocations
 22542 | Lair:5   | Reached skill level 10 in Short Blades
 22542 | Lair:5   | Reached skill level 10 in Axes
 22542 | Lair:5   | Reached skill level 10 in Maces & Flails
 22542 | Lair:5   | Reached skill level 10 in Polearms
 22542 | Lair:5   | Reached skill level 10 in Staves
 22542 | Lair:5   | Reached skill level 10 in Ranged Weapons
 22542 | Lair:5   | Reached skill level 10 in Stealth
 22542 | Lair:5   | Reached skill level 10 in Shields
 22542 | Lair:5   | Reached skill level 10 in Unarmed Combat
 22542 | Lair:5   | Reached skill level 10 in Evocations
 22761 | Lair:5   | Reached XP level 15. HP: 118/118 MP: 25/30
 23686 | Swamp:1  | Entered Level 1 of the Swamp
 23888 | Lair:2   | Killed sanka's ghost
 24345 | Lair:2   | Learned a level 5 spell: Lightning Bolt
 24473 | Swamp:1  | Noticed a thorn hunter
 24484 | Swamp:1  | Killed a thorn hunter
 25086 | Swamp:1  | Reached skill level 10 in Ice Magic
 25086 | Swamp:1  | Reached XP level 16. HP: 126/126 MP: 31/31
 27125 | Swamp:3  | Noticed Kirke
 27138 | Swamp:3  | Killed Kirke
 28351 | Swamp:3  | Noticed Roxanne
 28835 | Swamp:4  | Entered Level 4 of the Swamp
 28921 | Swamp:4  | Noticed a thorn hunter
 29122 | Swamp:4  | Killed a thorn hunter
 29338 | Swamp:4  | Reached XP level 17. HP: 117/133 MP: 25/33
 29481 | Swamp:4  | Found a runed translucent gate.
 29481 | Swamp:4  | Found a runed translucent gate.
 29481 | Swamp:4  | Found a runed translucent gate.
 29485 | Swamp:4  | Noticed pleonasm's ghost (adept OgBe)
 30147 | Swamp:4  | HP: 6/133 [fire crab (3)]
 30147 | Swamp:4  | Slain by a fire crab

Illustrated notes

Levels and vault maps discovered:
D:1:      onia_arrival_zoo_common, layout_basic, basic_ecumenical_altar,
          minmay_octomino_e4
D:2:      layout_basic
D:3:      layout_loops_cross, mainiacjoe_overflow_small_starburst,
          mainiacjoe_overflow_alcove_1
D:4:      layout_basic, mainiacjoe_overflow_chevrons, serial_curves,
          eino_curves_01, eino_curves_04, serial_shops, shop,
          hangedman_abyss_or_decor_stabs, minmay_misc_feat_enclosed,
          grunt_tough_drop, uniq_grinder
D:5:      layout_loops_ring, minmay_temple_entry_glassed_door,
          kennysheep_minor_cross
D:6:      layout_gridville, nicolae_qazlal_style_of_elements
D:7:      layout_loops_ring, mainiacjoe_overflow_cross_hatched,
          okawaru_ov_weapons_minmay, nzn_random_ring, uniq_pikel
D:8:      layout_rooms, minmay_three_doors
D:9:      layout_loops_ring, kennysheep_vampire_church, general_overflow_altar,
          dpeg_oklobed_lair, chequers_serial_rivers_large_b
D:10:     layout_loops_ring, mainiacjoe_overflow_tiny_flanked, hiddenorc1_lemuel
D:11:     layout_cave_pools, gammafunk_ghost_split, minmay_librarian
D:12:     layout_basic
D:13:     layout_basic, skrybe_vaults_entry_preservation,
          biasface_ghost_orc_armoury, minmay_misc_feat_chi, guppyfry_shop_earth,
          uniq_urug
Temple:   compressed_dpeg_triangle_lava_temple
Lair:1:   layout_cave_pods, ebering_ghost_disaster_area,
          nicolae_quartered_pool_impasse
Lair:2:   cheibrodos_lair_river_kwai, layout_loops_ring,
          skrybe_swamp_entry_bodies, spider_nest_entry_webs,
          portal_ice_cave_entry_imps, ebering_ghost_inner_flame,
          grunt_megastairs_1, uniq_maggie
Lair:3:   layout_cave_pods
Lair:4:   layout_hall_layers, slime_entry_2, beast_lair_carwin_9,
          grunt_megastairs_3
Lair:5:   gammafunk_lair_ancient_temple, layout_regular_city
Swamp:1:  layout_falls_marsh, evilmike_swamp_ruin_rubble_2, swamp_pool5
Swamp:2:  nicolae_swamp_husk_halls, layout_falls_marsh,
          nicolae_swamp_very_dense_foliage
Swamp:3:  layout_falls_marsh, nicolae_swamp_little_tower,
          infiniplex_staircase_pool, uniq_roxanne, uniq_kirke
Swamp:4:  swamp_fiery, layout_basic_swamp, gammafunk_ghost_hydra_chop

Skill      XL: |  1  2  3  4  5  6  7  8  9 10 11 12 13 14 15 16 17 |
---------------+----------------------------------------------------+-----
Spellcasting   | 5 6 7 8 9 10 11 12 | 12.4
Invocations    | 1 2 3 4 5 6 7 8 9 10 11 12 | 12.4
Short Blades   | 1 2 3 5 6 7 8 9 10 11 | 11.4
Axes           | 1 2 3 5 6 7 8 9 10 11 | 11.4
Maces & Flails | 1 2 3 5 6 7 8 9 10 11 | 11.4
Polearms       | 1 2 3 5 6 7 8 9 10 11 | 11.4
Staves         | 1 2 3 5 6 7 8 9 10 11 | 11.4
Ranged Weapons | 1 2 3 5 6 7 8 9 10 11 | 11.4
Stealth        | 1 2 3 5 6 7 8 9 10 11 | 11.4
Shields        | 1 2 3 5 6 7 8 9 10 11 | 11.4
Unarmed Combat | 1 2 3 5 6 7 8 9 10 11 | 11.4
Evocations     | 1 2 3 5 6 7 8 9 10 11 | 11.4
Conjurations   | 1 2 3 4 5 6 7 8 9 |  9.6
Hexes          | 1 2 3 4 5 6 7 8 9 |  9.6
Summonings     | 1 2 3 4 5 6 7 8 9 |  9.6
Necromancy     | 1 2 3 4 5 6 7 8 9 |  9.6
Transmutations | 1 2 3 4 5 6 7 8 9 |  9.6
Fire Magic     | 1 2 3 4 5 6 7 8 9 |  9.6
Ice Magic      | 1 2 3 4 5 6 7 9 10 11 | 11.4
Air Magic      | 1 2 3 4 5 6 7 8 9 |  9.6
Earth Magic    | 1 2 3 4 5 6 7 8 9 |  9.6
Poison Magic   | 1 2 3 4 5 6 7 8 9 |  9.6
Throwing       | 3 4 5 6 7 8 9 10 11 | 11.7
Armour         | 3 4 5 6 7 8 9 10 11 | 11.7
Fighting       | 5 6 7 8 9 10 11 12 | 12.3
Long Blades    | 5 6 7 8 9 10 11 12 | 12.3
Dodging        | 5 6 7 8 9 10 11 12 | 12.3
Translocations | 6 7 8 9 10 11 | 11.1

Action                     |  1- 3 |  4- 6 |  7- 9 | 10-12 | 13-15 | 16-18 || total
---------------------------+-------+-------+-------+-------+-------+-------++-------
  Melee: Falchion          |    67 |    21 |       |       |   448 |   207 ||   743
         Bite              |    11 |     4 |    18 |   113 |   118 |    33 ||   297
         Dagger            |    45 |       |       |       |       |       ||    45
         Punch             |     2 |     3 |     4 |     9 |       |       ||    18
         Trident           |       |    22 |       |       |       |       ||    22
         Shillelagh        |       |    18 |     5 |       |       |       ||    23
         Long sword        |       |       |   180 |   661 |   239 |       ||  1080
  Throw: Boomerang         |       |       |     1 |       |     4 |       ||     5
         Dart              |       |       |       |       |       |     6 ||     6
   Cast: Manifold Assault  |       |       |       |    56 |    49 |    23 ||   128
         Blink             |       |       |       |     3 |     7 |     7 ||    17
         Kindle Blastspark |       |       |       |     1 |    18 |       ||    19
         Vhi's Electric Ch |       |       |       |    12 |     4 |     2 ||    18
         Freezing Cloud    |       |       |       |     3 |    26 |    86 ||   115
         Summon Lightning  |       |       |       |       |    33 |     9 ||    42
         Stone Arrow       |       |       |       |       |     7 |       ||     7
         Lightning Bolt    |       |       |       |       |       |     7 ||     7
 Invoke: Divine Shield     |       |       |       |     2 |       |       ||     2
         Cleansing Flame   |       |       |       |       |     1 |     1 ||     2
         Summon Divine War |       |       |       |       |       |     2 ||     2
  Evoke: Wand              |       |       |       |       |       |     4 ||     4
         Tin of tremorston |       |       |       |       |       |     3 ||     3
    Use: Scroll            |       |       |       |    19 |     6 |     8 ||    33
         Potion            |       |       |       |     1 |     2 |     5 ||     8
   Stab: Sleeping          |     1 |       |       |       |       |       ||     1
 Armour: Leather armour    |    17 |    19 |    45 |   102 |    25 |       ||   208
         Animal skin       |       |       |       |       |    68 |    15 ||    83
  Dodge: Dodged            |    71 |    44 |   119 |   234 |   322 |   114 ||   904
  Block: Buckler           |       |       |       |    91 |   198 |    49 ||   338
         Other             |       |       |       |     3 |       |       ||     3

Table legend: (Time is in decaauts)
 A = Elapsed time spent in this place.
 B = Non-inter-level travel time spent in this place.
 C = Inter-level travel time spent in this place.
 D = Time resting spent in this place.
 E = Time spent auto-exploring this place.
 F = Levels seen in this place.
 G = Mean time per level.
                   A        B        C        D        E       F      G
               +--------+--------+--------+--------+--------+-----+--------+
         Total |  30014 |  28724 |   1290 |   4181 |  19562 |  24 | 1250.6 |
       Dungeon |  12927 |  12016 |    911 |    720 |   9312 |  13 |  994.4 |
        Temple |    342 |    342 |      0 |      0 |    322 |   1 |  342.0 |
          Lair |   8423 |   8147 |    276 |    640 |   6062 |   5 | 1684.6 |
         Swamp |   6128 |   6026 |    102 |   1736 |   3221 |   4 | 1532.0 |
      Ice Cave |   2192 |   2192 |      0 |   1084 |    644 |   1 | 2192.0 |
               +--------+--------+--------+--------+--------+-----+--------+

Top non-repeatable levels by time:
   IceCv: 2192 daAuts
  Lair:5: 2152 daAuts
  Lair:1: 2044 daAuts
  Lair:2: 2021 daAuts
 Swamp:1: 1882 daAuts
     D:7: 1766 daAuts
  Lair:3: 1625 daAuts
 Swamp:2: 1607 daAuts
 Swamp:3: 1470 daAuts
     D:9: 1313 daAuts
     D:3: 1201 daAuts
    D:12: 1180 daAuts
 Swamp:4: 1168 daAuts
    D:10: 1077 daAuts
     D:6: 961 daAuts
